 Seeded DCSS version 0.28-a0-1555-g9ae15a6949 (webtiles) character file.

Game seed: 2 (custom seed)

93 knot the Chopper (level 4, 0/52 HPs)
             Began as a Demonspawn Berserker on Jan 19, 2022.
             Was a Believer of Trog.
             Succumbed to a kobold's poison
             ... on level 2 of the Dungeon.
             The game lasted 00:02:33 (2716 turns).

knot the Chopper (Demonspawn Berserker)             Turns: 2716, Time: 00:02:34

Health: 0/52       AC:  2    Str: 18    XL:     4   Next: 36%
Magic:  4/4        EV: 12    Int: 10    God:    Trog [**....]
Gold:   83         SH:  0    Dex: 12    Spells: 3/3 levels left

rFire   . . .      SeeInvis .   a - +0 hand axe
rCold   . . .      Faith    .   (no shield)
rNeg    . . .      Spirit   .   b - +0 animal skin
rPois   .          Reflect  .   (no helmet)
rElec   .          Harm     .   (no cloak)
rCorr   .          Rampage  .   (no gloves)
Will    ++...                   (no boots)
Stlth   ..........              (no amulet)
HPRegen 1.17/turn               (no ring)
MPRegen 0.09/turn               (no ring)

@: berserking, lethally poisoned (0 -> -14), strong-willed (expiring),
regenerating (expiring), very quick
A: claws 1
a: Renounce Religion, Berserk, Trog's Hand


You were on level 2 of the Dungeon.
You worshipped Trog.
Trog was pleased with you.
You visited 1 branch of the dungeon, and saw 3 of its levels.

You collected 83 gold pieces.

Inventory:

Hand Weapons
 a - a +0 hand axe (weapon)
Missiles
 d - 31 stones
 e - 26 sling bullets
 g - a boomerang (quivered)
Armour
 b - a +0 animal skin (worn)
Scrolls
 c - 4 scrolls of identify {unknown}
 h - a scroll of fear {unknown}
 i - a scroll of teleportation {unknown}
 j - a scroll of immolation {unknown}
 l - a scroll of holy word {unknown}
Potions
 f - a potion of attraction {unknown}
 k - a potion of degeneration {unknown}


   Skills:
 - Level 3.0 Fighting
 * Level 4.4 Axes
 * Level 1.2 Throwing
 - Level 1.7 Armour
 - Level 1.7 Dodging


You had 3 spell levels left.
You didn't know any spells.
Your spell library contained the following spells:

 Spells                   Type           Power      Damage    Failure   Level
 Tukima's Dance           Hex            0%         N/A       75%         3
 Passage of Golubria      Tloc           0%         N/A       98%         4
 Yara's Violent Unravell  Hex/Tmut       0%         3d3       100%        5


Dungeon Overview and Level Annotations

Branches:
Dungeon (3/15)

Altars:
The Shining One


Innate Abilities, Weirdness & Mutations

You have sharp fingernails.


Message History

Done waiting.
Your skin crawls.
You feel strong-willed.
You climb downwards.
The kobold hits you with a +1 short sword of venom.
You are poisoned.
There is a stone staircase leading up here.
You feel very sick.
The kobold hits you with a +1 short sword of venom.
You are more poisoned.
You climb upwards.
You feel very sick.
There is a stone staircase leading down here.
A red film seems to cover your vision as you go berserk!
You feel yourself moving faster!
You feel mighty!
You feel very sick.
The kobold hits you with a +1 short sword of venom.
You are more poisoned.
You barely miss the kobold.
You feel very sick.
The kobold hits you with a +1 short sword of venom.
You hit the kobold.
The kobold is severely wounded.
You feel the effects of Trog's Hand fading.
You feel very sick.
The kobold hits you with a +1 short sword of venom.
* * * LOW HITPOINT WARNING * * *
You barely miss the kobold.
The kobold is severely wounded.
You feel sick.
You closely miss the kobold.
The kobold is severely wounded.
* * * LOW HITPOINT WARNING * * *
You feel very sick.
The kobold hits you with a +1 short sword of venom.
* * * LOW HITPOINT WARNING * * *
You are more poisoned.
You completely miss the kobold.
The kobold is severely wounded.
You die...

###.# ##### .##.#
####...# .##.#
#......#
.##.########.##...#
.##.##.....#.##...#
....##.###.#.##...#
######...#.#.##...#
########.#.#.##K..#
..)............[@##
.....###.#.#.#####
.###.#...#.#.#
.....#.###.#.#
.....#...#...#
.....##....###
........<#.#
.#########.#
.....).....#


You could see a kobold.

Vanquished Creatures
  2 adders (D:2)
  A worm (D:2)
  3 orcs
  8 ball pythons
  5 endoplasms
  3 giant cockroaches
  4 hobgoblins
  2 jackals (D:1)
  4 quokkas (D:1)
  8 bats
  3 frilled lizards (D:1)
  7 goblins
  7 kobolds
  7 rats
64 creatures vanquished.

Notes
Turn   | Place    | Note
-------+----------+-------------------------------------------
     0 | D:1      | knot the Demonspawn Berserker began the quest for the Orb.
     0 | D:1      | Reached XP level 1. HP: 18/18 MP: 1/1
    50 | D:1      | Reached skill level 3 in Axes
   287 | D:1      | Gained mutation: You have sharp fingernails. [demonic
                  | ancestry]
   287 | D:1      | Reached XP level 2. HP: 23/24 MP: 2/2
   958 | D:1      | Reached ** piety under Trog
  1091 | D:1      | Found a faded altar of an unknown god.
  1097 | D:1      | Reached XP level 3. HP: 29/29 MP: 3/3
  1334 | D:1      | Reached skill level 4 in Axes
  1974 | D:2      | Reached XP level 4. HP: 22/35 MP: 4/4
  2174 | D:2      | Reached skill level 1 in Throwing
  2716 | D:2      | Succumbed to a kobold's poison

Illustrated notes

Levels and vault maps discovered:
D:1:      lemuel_arrival_broad_hall, layout_basic,
          nicolae_ecumenical_snake_handling, minmay_misc_feat_tiny
D:2:      layout_basic, basic_altar
D:3:      layout_loops_ring

Skill      XL: |  1  2  3  4 |
---------------+-------------+-----
Axes           | 3 4 |  4.4
Throwing       | 1 |  1.2
Fighting       | |  3.0
Armour         | |  1.7
Dodging        | |  1.7

Action                   |  1- 3 |  4- 6 || total
-------------------------+-------+-------++-------
Melee: Hand axe          |   141 |    14 ||   155
       Punch             |     3 |       ||     3
Throw: Boomerang         |     7 |    33 ||    40
Invok: Berserk           |     1 |     3 ||     4
       Trog's Hand       |       |     1 ||     1
 Stab: Sleeping          |     1 |       ||     1
Armor: Animal skin       |    30 |     3 ||    33
Dodge: Dodged            |   119 |     6 ||   125

Table legend: (Time is in decaauts)
 A = Elapsed time spent in this place.
 B = Non-inter-level travel time spent in this place.
 C = Inter-level travel time spent in this place.
 D = Time resting spent in this place.
 E = Time spent auto-exploring this place.
 F = Levels seen in this place.
 G = Mean time per level.
                   A        B        C        D        E       F      G
               +--------+--------+--------+--------+--------+-----+--------+
         Total |   2775 |   2768 |      7 |   1043 |   1340 |   3 |  925.0 |
       Dungeon |   2775 |   2768 |      7 |   1043 |   1340 |   3 |  925.0 |
               +--------+--------+--------+--------+--------+-----+--------+

Top non-repeatable levels by time:
     D:1: 1747 daAuts
     D:2: 953 daAuts
     D:3: 74 daAuts
